 Dungeon Crawl Stone Soup version 0.30-a0-359-gd0147acb1a (webtiles) character file.

Game seed: 180186995456356530

126240 RascalDebosk the Eclecticist (level 17, -3/148 HPs)
             Began as a Djinni Earth Elementalist on Nov 10, 2022.
             Was an Elder of Ashenzari.
             Engulfed by a ghost crab's spectral mist (8 damage)
             ... on level 4 of the Swamp on Nov 11, 2022.
             The game lasted 04:26:24 (23530 turns).

RascalDebosk the Eclecticist (DjEE)                Turns: 23530, Time: 04:26:25

Health: -3/148     AC: 22    Str:  5    XL:     17   Next: 53%
Gold:   1477       EV: 18    Int: 30    God:    Ashenzari [****..] SH: 17 Dex: 17

rFire   + + +      SeeInvis +    J - +6 scimitar of Ashenzari's Omen {venom, rC+ rN+ Stlth-, Self, Cun} (curse)
rCold   . . .      Faith    .    j - +0 kite shield
rNeg    + . .      Spirit   +    b - +4 moon troll leather armour {Spirit, Regen++ MP+5, Self, Evo} (curse)
rPois   ∞          Reflect  +    k - +2 helmet of the Ruined Vision {Self, Fort} (curse)
rElec   .          Harm     .    L - +1 cloak of Starlight {*Dazzle EV+4 Stlth--, Cun, Self} (curse)
rCorr   .          Rampage  .    n - +2 pair of gloves "Shackled Seer" {Melee, Self} (curse)
Will    ++...      Clarity  +    (boots unavailable)
Stlth   ..........               r - amulet of reflection
HPRegen 2.04/turn                i - ring of Star-Bound Wisdom {Int+6, Fort, Self} (curse)
MPRegen 0.00/turn                x - ring of willpower

@: marked, flying, slightly contaminated, hasted, very quick
A: sickness immunity, fire resistance 3, cold vulnerability 1, float, innate
caster, HP casting, extra vitality 1, iridescent scales 2, thin skeletal
structure 1, deterioration 1, weak 1, MP-powered wands
a: Renounce Religion, Shatter the Chains


You were on level 4 of the Swamp.
You worshipped Ashenzari.
Ashenzari was greatly pleased with you.
You visited 5 branches of the dungeon, and saw 24 of its levels.
You also visited: Volcano.

You collected 3257 gold pieces.
You spent 1780 gold pieces at shops.

Inventory:

Hand Weapons
 F - a +3 demon blade of freezing
 J - the cursed +6 scimitar of Ashenzari's Omen (weapon) {venom, rC+ rN+ Stlth-, Self, Cun}
   (You found it on level 1 of the Orcish Mines)

   It poisons the flesh of those it strikes.
   rC:        It protects you from cold.
   rN:        It protects you from negative energy.
   Stlth:     It makes you less stealthy.
   It has a curse which improves the following skills: Introspection: Fighting
   and Spellcasting.
   Cunning:   Dodging and Stealth.
Armour
 b - the cursed +4 moon troll leather armour (worn) {Spirit, Regen++ MP+5, Self, Evo}
   (You bought it in a shop on level 2 of the Orcish Mines)

   MP:        It affects your magic capacity (+5).
   Regen:     It increases your rate of health regeneration.
   It has a curse which improves the following skills: Introspection: Fighting
   and Spellcasting.
   Evocations: Evocations.
 j - a +0 kite shield (worn)
 k - the cursed +2 helmet of the Ruined Vision (worn) {Self, Fort}
   (You found it on level 2 of the Dungeon)

   It has a curse which improves the following skills: Introspection: Fighting
   and Spellcasting.
   Fortitude: Armour and Shields.
 n - the cursed +2 pair of gloves "Shackled Seer" (worn) {Melee, Self}
   (You found it on level 2 of the Dungeon)

   It has a curse which improves the following skills: Melee Combat: Short
   Blades, Long Blades, Axes, Maces & Flails, Polearms, Staves and Unarmed
   Combat.
   Introspection: Fighting and Spellcasting.
 L - the cursed +1 cloak of Starlight (worn) {*Dazzle EV+4 Stlth--, Cun, Self}
   (You bought it in a shop on level 2 of the Orcish Mines)

   It may blind those who miss an attack against the wearer in melee combat.
   EV:        It affects your evasion (+4).
   Stlth:     It makes you much less stealthy.
   It has a curse which improves the following skills: Cunning: Dodging and
   Stealth.
   Introspection: Fighting and Spellcasting.
Jewellery
 c - a ring of protection from fire
 i - the cursed ring of Star-Bound Wisdom (left hand) {Int+6, Fort, Self}
   (You found it on level 8 of the Dungeon)

   [ring of intelligence]

   Int:       It affects your intelligence (+6).
   It has a curse which improves the following skills: Fortitude: Armour and
   Shields.
   Introspection: Fighting and Spellcasting.
 r - an amulet of reflection (around neck)
 x - a ring of willpower (right hand)
 I - a +4 ring of evasion
 N - a ring of ice
 X - an amulet of the acrobat
Wands
 a - a wand of paralysis (24)
 o - a wand of polymorph (17)
 z - a wand of acid (17)
 C - a wand of flame (27)
 K - a wand of iceblast (16)
 M - a wand of mindburst (3)
 R - a wand of digging (8)
Scrolls
 d - 2 scrolls of brand weapon
 f - 3 scrolls of fog
 g - 2 scrolls of blinking
 l - 2 scrolls of fear
 p - 9 scrolls of immolation
 t - 2 scrolls of teleportation
 w - 7 scrolls of enchant weapon
 B - a scroll of summoning
 D - a scroll of poison
 E - 2 scrolls of silence
 H - a scroll of enchant armour
 Q - 2 scrolls of magic mapping
Potions
 e - 3 potions of resistance
 h - 5 potions of haste
 m - 5 potions of might
 q - 6 potions of brilliance
 s - 6 potions of attraction
 u - a potion of berserk rage
 v - a potion of cancellation
 A - 6 potions of mutation
 G - 9 potions of ambrosia
 P - 5 potions of curing
 S - a potion of lignification
 U - a potion of invisibility
Miscellaneous
 y - a phantom mirror
 O - a tin of tremorstones (2/2)
 V - a condenser vane


   Skills:
 + Level 15.5(21.7) Fighting
 + Level 6.2(8.2) Long Blades
 - Level 5.0(7.8) Armour
 - Level 5.0(7.8) Dodging
 - Level 1.5(3.5) Stealth
 - Level 8.3(11.3) Shields
 * Level 17.3(23.4) Spellcasting
 - Level 5.0(6.9) Evocations


You had 21 spell levels left.
You knew the following spells:

 Your Spells              Type           Power      Damage    Failure   Level
a - Sandblast             Erth           100%       2d20      0%          1
b - Passwall              Tmut/Erth      90%        N/A       0%          2
c - Stone Arrow           Conj/Erth      100%       3d13      0%          3
d - Petrify               Tmut/Erth      100%       N/A       0%          4
e - Summon Small Mammal   Summ           100%       N/A       0%          1
f - Poisonous Vapours     Pois/Air       100%       N/A       0%          2
g - Confusing Touch       Hex            100%       N/A       0%          3
h - Summon Guardian Gole  Hex/Summ       100%       N/A       0%          3
i - Irradiate             Conj/Tmut      54%        3d29      0%          5
j - Borgnjor's Vile Clut  Necr/Erth      54%        N/A       0%          5
k - Conjure Ball Lightni  Conj/Air       54%        3x3d20    1%          6
l - Death Channel         Necr           54%        N/A       1%          6
Your spell library was empty.

Dungeon Overview and Level Annotations

Branches:
Dungeon (12/15)            Temple (1/1) D:6            Lair (5/5) D:9
  Swamp (4/4) Lair:2        Snake (0/4) Lair:3        Slime (0/5) Lair:4
    Orc (2/2) D:11            Elf (0/3) Orc:2       Volcano (visited)

Altars:
Ashenzari
Cheibriados
Dithmenos
Elyvilon
Fedhas
Gozag
Hepliaklqana
Makhleb
Nemelex Xobeh
Okawaru
Qazlal
Ru
Trog
Uskayaw
Wu Jian
Xom
Yredelemnul
Zin
The Shining One
Jiyva

Shops:
D:11 [[   Orc:1 [   Orc:2 [[?(

Annotations:
D:11 1 runed translucent door, quakins's ghost, journeyman DEHs
D:12 1 runed translucent door, Bravis's ghost, journeyman GnWn
Lair:4 2 transporters, Aluic's ghost, adept MiBe
Swamp:3 1 exclusion


Innate Abilities, Weirdness & Mutations

You are immune to sickness and miasma.
You are immune to poison.
Your flesh is almost immune to the effects of heat. (rF+++)
You are vulnerable to cold. (rC-)
You float through the air rather than walking.
You learn spells naturally, not from books.
Your magical power is your life essence.
You have superior vitality. (+4 MHP)
You are mostly covered in iridescent scales. (AC +4)
You have a somewhat thin skeletal structure. (Dex +2, Stealth+)
Your body sometimes deteriorates upon taking damage.
You are weak. (Str -2)
You expend health (3 HP) to strengthen your wands.


Message History

The bone dragon claws your eleionoma.
The bone dragon tramples your eleionoma!!
Your eleionoma holds its ground!
The alligator zombie bites your goliath frog!
The alligator zombie tail-slaps your goliath frog!
You hit the phantasmal warrior but do no damage.
The phantasmal warrior is moderately damaged.
Your goliath frog hits the alligator zombie!
The alligator zombie is splashed with acid.
The acid corrodes the alligator zombie!
Your eleionoma hits the phantom!
Your spriggan closely misses the phantasmal warrior.
Your spriggan druid mumbles some strange words.
The forest starts to sway and rumble!
A phantom comes into view.
The phantasmal warrior hits you!
* * * LOW HITPOINT WARNING * * *
The bone dragon bites your spriggan rider but does no damage.
The bone dragon misses your spriggan rider.
Your spriggan rider blocks the bone dragon's attack.
Your spriggan rider hits the phantasmal warrior with a +0 spear!!
The phantom hits your eleionoma.
The phantom blinks!
Your eleionoma blinks!
You slice the phantasmal warrior!!
You destroy the phantasmal warrior!
Your goliath frog hits the alligator zombie!!
The alligator zombie is splashed with acid.
The alligator zombie seems to be corroded for longer.
The alligator zombie bites your goliath frog!
The alligator zombie misses your goliath frog.
Your eleionoma hits the phantom.
Your spriggan druid splashes around in the water.
You feel less contaminated with magical energies.
The trees move their gnarly branches around.
A root smacks the bone dragon from below!
The phantom is hit by a branch!
A tree reaches out and hits the ghost crab!
Your goliath frog hits the alligator zombie!!
The alligator zombie is splashed with acid.
The ghost crab breathes spectral mist at you.
The spectral mist engulfs the bone dragon but does no damage.
The bone dragon bites your spriggan druid!
The bone dragon misses your spriggan druid.
The bone dragon closely misses your spriggan druid.
Your spriggan rider is engulfed in spectral mist.
Your spriggan rider hits the bone dragon with a +0 spear!!
The alligator zombie closely misses your goliath frog.
The alligator zombie misses your goliath frog.
You are engulfed in spectral mist.
* * * LOW HITPOINT WARNING * * *
A root smacks the bone dragon from below!
A tree reaches out and hits the phantom!!
The phantom is destroyed!
A root smacks the ghost crab from below!
Your goliath frog is engulfed in spectral mist.
Your goliath frog hits the alligator zombie!!
The alligator zombie is destroyed!
Your eleionoma says, "Be careful!"
Your eleionoma hurls a spray of splinters at the phantom.
The spray of wooden splinters hits the phantom!!
The phantom is destroyed!
Your spriggan druid is engulfed in spectral mist.
Your spriggan druid hits the bone dragon with a +0 quarterstaff!
The ghost crab breathes spectral mist at your goliath frog.
The spectral mist engulfs your goliath frog but does no damage.
Your spriggan rider is engulfed in spectral mist.
Your spriggan rider hits the bone dragon but does no damage.
The bone dragon completely misses your spriggan rider.
The bone dragon claws your spriggan rider.
The bone dragon tramples your spriggan rider!
Your spriggan rider holds its ground!
Your spriggan splashes around in the water.
Unknown command.
Unknown command.
You are engulfed in spectral mist.
Your goliath frog is engulfed in spectral mist.
Your goliath frog hits the ghost crab but does no damage.
Your spriggan druid is engulfed in spectral mist.
Your spriggan druid splashes around in the water.
You are engulfed in spectral mist.
* * * LOW HITPOINT WARNING * * *
The spectral fenstrider witch is hit by a branch!!
The bone dragon is hit by a branch!
A root smacks the ghost crab from below!!
The ghost crab breathes spectral mist at you.
The spectral mist engulfs your spriggan druid but does no damage.
The bone dragon bites your spriggan! The bone dragon claws your spriggan!
The bone dragon completely misses your spriggan.
Your spriggan is engulfed in spectral mist.
Your spriggan dies!
Your spriggan's corpse dissolves into shadows!
Your spriggan rider is engulfed in spectral mist.
Your hornet dies!
Your hornet's corpse dissolves into shadows!
Your spriggan falls from its now dead mount.
Your spriggan completely misses the bone dragon.
Your goliath frog is engulfed in spectral mist.
Your goliath frog dies!
Your goliath frog's corpse dissolves into shadows!
You are engulfed in spectral mist.
You die...

~ ~ , , ~♣~~..~~~<.~)~~~~~ , *~
~~,, , ~....~~††~~~~†~~~ ,
♣≈~..~~~....,♣.~~~§~~~~§~.~~†~
~#♣♣....~~...~~,~.~~~~~~....†....
~WW#~~....~... ♣~~~~...~♣♣♣.~~~.
≈≈≈≈~~.♣~...~ ♣♣♣♣....~~.:.~~~~
..≈≈~~.~.~~♣* ♣♣♣ ♣~.~~♣♣...~~~~
.....WD~~○§* ♣♣♣○♣ ♣~~~~.......~~
♣.....○♣♣ ♣♣☼i@♣♣♣.~~~§~~§~~~~~
**♣†.††♣♣♣☼D☼Z♣♣~~§~~~~~~~~~~~
♣..?~RtW~§i♣♣♣.~~~§~~..~~~§~
*♣.~.~~~°○♣♣{t~..~~~~~~.~~~~.
♣.~~.~~~○○..{♣♣♣.~~~~~.~~~~~.
♣.~<.§§~~~~♣♣♣♣♣~......~~~.~♣
♣♣♣♣♣~§~~~.♣ ♣..~.♣♣..~~~.♣♣
♣♣.♣♣♣♣♣ ♣♣....♣.§~~~.♣, ♣♣♣
♣♣♣♣♣.~~~♣♣♣♣~


You could see a bone dragon (unaware, ally target), a ghost crab (ally target),
a spectral fenstrider witch (summoned, distracted), a phantom, a friendly
eleionoma (summoned), a friendly spriggan druid (summoned) and a friendly
spriggan (summoned).

Vanquished Creatures
  Mara (Swamp:3)
  A tentacled monstrosity (Swamp:2)
  Frances (Swamp:2)
  2 thorn hunters
  Donald (Orc:2)
  A fenstrider witch (Swamp:1)
  An orc warlord (Orc:1)
  7 eleionomae
  6 bunyips
  Josephine (D:11)
  Erolcha (Orc:2)
  14 hydras
  A ghost crab (Swamp:4)
  3 two-headed ogres
  A centaur warrior (Orc:2)
  5 alligators
  A boulder beetle (D:12)
  15 death yaks
  2 orc high priests
  Sonja (D:11)
  16 spriggans
  5 skeletal warriors
  8 spriggan druids
  7 goliath frogs
  6 swamp dragons
  10 bog bodies
  A deep elf archer (Orc:1)
  A necromancer (Swamp:1)
  2 deep elf pyromancers (Orc:1)
  A deep elf zephyrmancer (Orc:1)
  A phantasmal warrior (Swamp:4)
  3 orc knights (Orc:2)
  2 orc sorcerers (Orc:1)
  4 will-o-the-wisps
  3 cyclopes
  4 elephants (Lair:5)
  2 salamanders (Volcano)
  4 black mambas
  Joseph (D:10)
  A gargoyle (D:10)
  19 cane toads
  2 unseen horrors (D:11)
  5 rime drakes
  7 komodo dragons
  6 swamp worm zombies (Swamp:4)
  A queen bee (Lair:5)
  2 trolls (D:9)
  5 bloated husks
  3 meliai (Lair:5)
  3 polar bears
  10 tyrant leeches
  12 hornets
  Prince Ribbit (D:5)
  Sigmund (D:5)
  13 blink frogs
  A vampire (D:9)
  A wyvern (Lair:4)
  2 fire bats (Volcano)
  4 basilisks
  8 wraiths
  3 steam dragons
  23 yaks
  16 vampire mosquitoes
  3 wargs
  A naga (Lair:3)
  4 acid dragons
  14 water moccasins
  13 swamp worms
  2 hell hounds (Volcano)
  2 swamp drakes (Swamp:3)
  33 orc warriors
  2 black bears
  2 sky beasts (D:7)
  11 wolves
  22 centaurs
  8 ogres
  3 phantoms
  2 kobold brigands
  Blork the orc (D:5)
  2 scorpions
  A gnoll sergeant (D:12)
  19 bullfrogs
  2 necrophages
  3 wights (D:9)
  35 killer bees
  5 howler monkeys
  5 electric eels
  12 orc priests
  A jelly (D:7)
  8 hounds
  A gnoll bouda (Orc:2)
  20 orc wizards
  3 iguanas
  2 hell rats (Lair:2)
  23 gnolls
  An adder (D:2)
  11 river rats (Lair:2)
  A white imp (D:4)
  An ufetubus (D:6)
  85 orcs
  A ball python (D:3)
  3 endoplasms
  4 giant cockroaches
  2 goblins
  6 hobgoblins
  4 jackals
  3 quokkas
  4 frilled lizards
  10 kobolds
  4 rats
  A spectral orc (D:4)
  3 briar patches (Swamp:2)
705 creatures vanquished.

Vanquished Creatures (collateral kills)
  An alligator (Swamp:3)
  2 bog bodies (Swamp:3)
  An alligator zombie (Swamp:4)
  2 swamp worms (Swamp:3)
  2 phantoms (Swamp:4)
8 creatures vanquished.

Vanquished Creatures (others)
  A bunyip (Swamp:4)
  A death drake (Swamp:4)
  A bloated husk (Swamp:4)
  A hornet (Swamp:2)
  A tyrant leech (Swamp:4)
  A human (D:8)
  An orc wizard (Orc:2)
  11 ball lightnings
  26 foxfires
  9 fungi
  84 plants
137 creatures vanquished.

Grand Total: 850 creatures vanquished

Notes
Turn   | Place    | Note
-------+----------+-------------------------------------------
     0 | D:1      | RascalDebosk the Djinni Earth Elementalist began the quest
                  | for the Orb.
     0 | D:1      | RascalDebosk set off with the following spells memorised:
                  | Sandblast, Passwall, Stone Arrow, Petrify.
     0 | D:1      | Reached XP level 1. HP: 15/15 MP: 0/0
   238 | D:1      | Reached XP level 2. HP: 21/21 MP: 0/0
   475 | D:2      | Identified the +8 mace "Nihy" {drain, Dex+3 SInv Stlth+}
   519 | D:2      | Reached skill level 3 in Spellcasting
   558 | D:2      | Identified the +7 dagger of the Pariah {vorpal, rPois
                  | Dex+4}
   575 | D:2      | Reached XP level 3. HP: 24/25 MP: 0/0
   575 | D:2      | Learned a level 1 spell: Summon Small Mammal
   859 | D:2      | Reached XP level 4. HP: 28/31 MP: 0/0
  1241 | D:3      | Reached skill level 4 in Spellcasting
  1247 | D:3      | Reached XP level 5. HP: 10/36 MP: 0/0
  1247 | D:3      | Learned a level 2 spell: Poisonous Vapours
  1612 | D:3      | Reached skill level 1 in Fighting
  2181 | D:4      | Reached XP level 6. HP: 36/42 MP: 0/0
  2530 | D:4      | Found a basalt altar of Yredelemnul.
  2684 | D:5      | Entered Level 5 of the Dungeon
  2721 | D:5      | Found an iron altar of Okawaru.
  3016 | D:5      | Reached skill level 5 in Spellcasting
  3066 | D:5      | Noticed Prince Ribbit
  3076 | D:5      | Killed Prince Ribbit
  3077 | D:5      | Reached XP level 7. HP: 24/50 MP: 0/0
  3077 | D:5      | Learned a level 3 spell: Confusing Touch
  3282 | D:5      | Found an opulent altar of Gozag.
  3624 | D:5      | Noticed Sigmund
  3633 | D:5      | Killed Sigmund
  3634 | D:5      | Reached skill level 6 in Spellcasting
  3634 | D:5      | Reached XP level 8. HP: 44/58 MP: 0/0
  3638 | D:5      | Found a burning altar of Makhleb.
  3896 | D:5      | Noticed Blork the orc
  3902 | D:5      | Killed Blork the orc
  4347 | D:6      | Found a staircase to the Ecumenical Temple.
  4359 | Temple   | Entered the Ecumenical Temple
  4366 | Temple   | Became a worshipper of Ashenzari the Shackled
  4581 | D:6      | Reached skill level 5 in Fighting
  4581 | D:6      | Reached skill level 7 in Spellcasting
  4713 | D:6      | Found an ornate altar of the Wu Jian Council.
  4735 | D:6      | Found a glowing silver altar of Zin.
  4736 | D:6      | Found a white marble altar of Elyvilon.
  4738 | D:6      | Found a glowing golden altar of the Shining One.
  5134 | D:7      | Reached XP level 9. HP: 46/65 MP: 0/0
  5134 | D:7      | Learned a level 3 spell: Summon Guardian Golem
  5905 | D:8      | Reached skill level 8 in Spellcasting
  6146 | D:8      | Reached * piety under Ashenzari
  6146 | D:8      | Identified a scroll of acquirement
  6161 | D:8      | Acquired 666 gold pieces
  6751 | D:9      | Noticed a troll
  6760 | D:9      | Killed a troll
  6761 | D:9      | Reached XP level 10. HP: 49/76 MP: 0/0
  7076 | D:9      | Found a staircase to the Lair.
  7092 | D:9      | Reached skill level 5 in Dodging
  7092 | D:9      | Reached skill level 9 in Spellcasting
  7163 | D:9      | Reached skill level 1 in Armour
  7306 | D:9      | Found a stormy altar of Qazlal.
  8208 | D:10     | Entered Level 10 of the Dungeon
  8216 | D:10     | Noticed Joseph
  8227 | D:10     | Killed Joseph
  8517 | D:10     | Found a bloodstained altar of Trog.
  8520 | D:10     | Noticed a gargoyle
  8530 | D:10     | Reached XP level 11. HP: 44/84 MP: 0/0
  8530 | D:10     | Learned a level 5 spell: Irradiate
  8684 | D:10     | Noticed a cyclops
  8689 | D:10     | Killed a cyclops
  8690 | D:10     | Reached skill level 10 in Spellcasting
  9531 | D:11     | Found a runed translucent door.
  9531 | D:11     | Found a shimmering altar of Xom.
  9531 | D:11     | Noticed a +0 quarterstaff of chaos
  9531 | D:11     | Noticed quakins's ghost (journeyman DEHs)
  9537 | D:11     | Noticed Josephine
  9546 | D:11     | Killed Josephine
  9651 | D:11     | Noticed a two-headed ogre
  9662 | D:11     | Killed a two-headed ogre
  9663 | D:11     | Reached skill level 5 in Armour
  9973 | D:11     | Found a staircase to the Orcish Mines.
 10002 | D:11     | Reached skill level 1 in Evocations
 10353 | D:11     | Found a snail-covered altar of Cheibriados.
 10353 | D:11     | Found Cheibriados's Comfort Zone.
 10393 | D:11     | Noticed a cyclops
 10407 | D:11     | Killed a cyclops
 10408 | D:11     | Reached skill level 11 in Spellcasting
 10635 | D:11     | Noticed Sonja
 10640 | D:11     | Killed Sonja
 10641 | D:11     | Reached XP level 12. HP: 80/93 MP: 0/0
 10785 | D:11     | Found Pofomm's Armour Shoppe.
 10930 | D:12     | Noticed a boulder beetle
 10933 | D:12     | Noticed a skeletal warrior
 10935 | D:12     | Noticed a skeletal warrior
 10936 | D:12     | Noticed a skeletal warrior
 10937 | D:12     | Noticed a skeletal warrior
 10938 | D:12     | Noticed a skeletal warrior
 10942 | D:11     | Killed a skeletal warrior
 10985 | D:12     | Killed a skeletal warrior
 10985 | D:12     | Killed a skeletal warrior
 10985 | D:12     | Killed a boulder beetle
 11237 | D:12     | Killed a skeletal warrior
 11238 | D:12     | Reached skill level 10 in Fighting
 11249 | D:12     | Killed a skeletal warrior
 11608 | D:12     | Reached ** piety under Ashenzari
 11750 | D:12     | Noticed a two-headed ogre
 11751 | D:12     | Found a runed translucent door.
 11751 | D:12     | Noticed Bravis's ghost (journeyman GnWn)
 11763 | D:12     | Killed a two-headed ogre
 11774 | D:12     | Identified Likaunif's Codex of Clay
 12463 | Orc:1    | Entered Level 1 of the Orcish Mines
 12498 | Orc:1    | Found a dark tunnel.
 12572 | Volcano  | Entered a volcano
 12685 | Volcano  | Reached skill level 12 in Spellcasting
 12688 | Volcano  | Reached skill level 5 in Evocations
 12995 | Orc:1    | Found Xeetol's Antique Armour Shoppe.
 13108 | Orc:1    | Identified the +6 scimitar of the Land of Plenty {venom,
                  | rC+ rN+ Stlth-}
 13120 | Orc:1    | Reached XP level 13. HP: 98/103 MP: 0/0
 13120 | Orc:1    | Learned a level 5 spell: Borgnjor's Vile Clutch
 13124 | Orc:1    | Identified the +2 scimitar of Guilt {venom, rElec MP-9
                  | Str+2 Stlth+}
 13483 | Orc:1    | Noticed an orc warlord
 13498 | Orc:1    | Killed an orc warlord
 14069 | Orc:2    | Entered Level 2 of the Orcish Mines
 14075 | Orc:2    | Noticed Donald
 14084 | Orc:2    | Killed Donald
 14085 | Orc:2    | Reached skill level 13 in Spellcasting
 14207 | Orc:2    | Noticed Erolcha
 14670 | Orc:2    | Killed Erolcha
 14901 | Orc:2    | Reached skill level 1 in Long Blades
 15530 | Orc:2    | Noticed a centaur warrior
 15540 | Orc:2    | Killed a centaur warrior
 15550 | Orc:2    | HP: 1/103 [orc warrior/+0 battleaxe (18)]
 15559 | Orc:2    | Gained mutation: You are weak. (Str -2) [mutagenic glow]
 16189 | Orc:2    | Found Littee's Magic Scroll Shop.
 16189 | Orc:2    | Found Onluzess's Armour Emporium.
 16189 | Orc:2    | Found Dyfoqoug's Antique Armour Shoppe.
 16191 | Orc:2    | Found Ugiym's Antique Weapon Boutique.
 16199 | Orc:2    | Bought the +4 moon troll leather armour {Spirit, Regen++
                  | MP+5} for 926 gold pieces
 16199 | Orc:2    | Found the +4 moon troll leather armour {Spirit, Regen++
                  | MP+5}
 16217 | Orc:2    | Bought the +1 cloak of Starlight {*Dazzle EV+4 Stlth--} for
                  | 854 gold pieces
 16217 | Orc:2    | Found the +1 cloak of Starlight {*Dazzle EV+4 Stlth--}
 16318 | Orc:2    | Found a staircase to the Elven Halls.
 16609 | D:9      | Lost mutation: You are weak. (Str -2) [potion of mutation]
 16609 | D:9      | Gained mutation: You are weak. (Str -2) [potion of
                  | mutation]
 16610 | D:9      | Lost mutation: You are weak. (Str -2) [potion of mutation]
 16610 | D:9      | Gained mutation: You are weak. (Str -2) [potion of
                  | mutation]
 16610 | D:9      | Gained mutation: You occasionally shout uncontrollably at
                  | your foes. [potion of mutation]
 16610 | D:9      | Gained mutation: You occasionally lose the ability to read
                  | scrolls when taking damage. [potion of mutation]
 16610 | D:9      | Gained mutation: Your flesh is almost immune to the effects
                  | of heat. (rF+++) [potion of mutation]
 16611 | D:9      | Lost mutation: You occasionally lose the ability to read
                  | scrolls when taking damage. [potion of mutation]
 16611 | D:9      | Lost mutation: You occasionally shout uncontrollably at
                  | your foes. [potion of mutation]
 16611 | D:9      | Gained mutation: You are very weak. (Str -4) [potion of
                  | mutation]
 16611 | D:9      | Gained mutation: You have a pair of small horns on your
                  | head. [potion of mutation]
 16611 | D:9      | Gained mutation: You expend health (3 HP) to strengthen
                  | your wands. [potion of mutation]
 16612 | D:9      | Lost mutation: You are very weak. (Str -4) [potion of
                  | mutation]
 16612 | D:9      | Lost mutation: You have a pair of small horns on your head.
                  | [potion of mutation]
 16612 | D:9      | Gained mutation: You have a somewhat thin skeletal
                  | structure. (Dex +2, Stealth+) [potion of mutation]
 16612 | D:9      | Gained mutation: You are partially covered in iridescent
                  | scales. (AC +2) [potion of mutation]
 16612 | D:9      | Gained mutation: You are mostly covered in iridescent
                  | scales. (AC +4) [potion of mutation]
 16619 | Lair:1   | Entered Level 1 of the Lair of Beasts
 16908 | Lair:1   | Reached XP level 14. HP: 110/110 MP: 0/0
 17360 | Lair:2   | Found a staircase to the Swamp.
 17366 | Lair:2   | Reached skill level 14 in Spellcasting
 17556 | Lair:2   | Reached *** piety under Ashenzari
 18244 | Lair:3   | Reached skill level 1 in Shields
 18750 | Lair:3   | Found a staircase to the Snake Pit.
 19222 | Lair:4   | Found a staircase to the Slime Pits.
 19223 | Lair:4   | Found a viscous altar of Jiyva.
 19235 | Lair:4   | Identified the +2 war axe of Offence {flame, Fly rElec
                  | Str+3 Int+2}
 19254 | Lair:4   | Found a transporter.
 19272 | Lair:4   | Noticed Aluic's ghost (adept MiBe)
 19277 | Lair:4   | Found a transporter.
 19507 | Lair:4   | Identified the +6 falchion of the Seven People {elec, rC+
                  | Str+2}
 19952 | Lair:5   | Entered Level 5 of the Lair of Beasts
 19982 | Lair:5   | Reached XP level 15. HP: 97/125 MP: 0/0
 19982 | Lair:5   | Learned a level 6 spell: Conjure Ball Lightning
 20027 | Lair:5   | Upgraded the game from 0.30-a0-358-g0d69a1922f to
                  | 0.30-a0-359-gd0147acb1a
 20070 | Lair:5   | Reached skill level 15 in Spellcasting
 20086 | Lair:5   | Gained mutation: Your body sometimes deteriorates upon
                  | taking damage. [mutagenic glow]
 20178 | Lair:5   | Reached skill level 5 in Shields
 20506 | Lair:5   | Identified the +1 ring mail "Eczidoc" {rC+ Str+4}
 20955 | Swamp:1  | Entered Level 1 of the Swamp
 21276 | Swamp:1  | Reached XP level 16. HP: 119/134 MP: 0/0
 21496 | Swamp:1  | Reached skill level 16 in Spellcasting
 21498 | Swamp:1  | Identified the Compendium of Earth
 21527 | Swamp:1  | Noticed a fenstrider witch
 21530 | Swamp:1  | Paralysed by a fenstrider witch for 3 turns
 21531 | Swamp:1  | Killed a fenstrider witch
 21686 | Swamp:1  | Identified Qehizeb's Directory of Transmuted Embers (You
                  | found it on level 4 of the Dungeon)
 21687 | Swamp:2  | Noticed Frances
 21816 | Swamp:2  | Killed Frances
 22003 | Swamp:2  | Noticed a thorn hunter
 22010 | Swamp:2  | Killed a thorn hunter
 22197 | Swamp:2  | Noticed a tentacled monstrosity
 22204 | Swamp:2  | Killed a tentacled monstrosity
 23063 | Swamp:3  | Reached skill level 15 in Fighting
 23079 | Swamp:3  | Reached skill level 5 in Long Blades
 23079 | Swamp:3  | Reached XP level 17. HP: 108/141 MP: 0/0
 23079 | Swamp:3  | Learned a level 6 spell: Death Channel
 23089 | Swamp:3  | Found a basalt altar of Yredelemnul.
 23104 | Swamp:3  | Noticed Mara
 23113 | Swamp:3  | Noticed RascalDebosk's illusion
 23119 | Swamp:3  | Killed Mara
 23120 | Swamp:3  | Reached skill level 17 in Spellcasting
 23199 | Swamp:3  | Reached **** piety under Ashenzari
 23271 | Swamp:3  | Identified the +2 mace of Foul Odours {freeze, Int+3}
 23342 | Swamp:4  | Entered Level 4 of the Swamp
 23347 | Swamp:4  | Noticed a thorn hunter
 23352 | Swamp:4  | Killed a thorn hunter
 23504 | Swamp:4  | HP: 5/148 [swamp worm/harpoon shot (11)]
 23510 | Swamp:4  | Noticed a bone dragon
 23519 | Swamp:4  | HP: 3/148 [spore (36)]
 23524 | Swamp:4  | HP: 6/148 [phantasmal warrior (7)]
 23529 | Swamp:4  | HP: 3/148 [ghost crab] (8)]
 23530 | Swamp:4  | Engulfed by a ghost crab's spectral mist

Illustrated notes

Levels and vault maps discovered:
D:1:      dpeg_arrival_round_b, layout_rooms
D:2:      layout_basic
D:3:      layout_loops_cross
D:4:      layout_loops_ring, yredelemnul_forgotten_temple_becter
D:5:      layout_basic, nicolae_gozag_seed_capital, makhleb_heckhound_becter,
          hellmonk_okawaru_the_only_friend_you_need, uniq_prince_ribbit1,
          uniq_sigmund, uniq_blork_the_orc
D:6:      layout_loops_corners, good_gods_temple_1, lemuel_crystal_altar,
          temple_pool_b
D:7:      layout_gridville, nicolae_vehumet_altar_sigil
D:8:      layout_loops_ring, tgw_kikubaaqudgha
D:9:      layout_basic, lemuel_tele_altar, erik_lair_island
D:10:     layout_irregular_city, trog_ov_bears_minmay, serial_column_ruins,
          column_ruins_hut_ruined, column_ruins_columns_straight,
          column_ruins_open_small, column_ruins_columns_plus,
          column_ruins_grid_1, column_ruins_open_tiny, column_ruins_open_small,
          uniq_joseph
D:11:     layout_cave_pools, hiddenorc2_lemuel, serial_shops,
          nicolae_shop_statue_plus, ebering_ghost_xom, minmay_shop_chei,
          uniq_josephine, uniq_sonja
D:12:     layout_stronghold, hellmonk_ghost_big_iron, abandoned_shop
Temple:   hellmonk_temple_micro_hex
Lair:1:   layout_loops_ring, chequers_serial_rivers_small_b, grunt_megastairs_3
Lair:2:   layout_gridlike, minmay_swamp_entry_swarm, kennysheep_rathole,
          serial_bayou_shore_a, serial_bayou_shore_b
Lair:3:   layout_layer_cave, guppyfry_snake_entry_garden
Lair:4:   layout_cave_pods, slime_entry_1, nzn_ghost_randoct
Lair:5:   minmay_lair_end_frog_pond, layout_gridlike, special_room
          [special_room_bee]
Swamp:1:  nicolae_swamp_standing_stones, layout_basic_swamp,
          nicolae_swamp_trees_clearing, swamp_pool2
Swamp:2:  layout_basic_swamp, hangedman_swamp_ruin_wall,
          nicolae_swamp_big_swirl, uniq_frances
Swamp:3:  layout_falls_marsh, evilmike_swamp_ruin_house_1, grunt_ruined_hall,
          uniq_mara
Swamp:4:  swamp_pestilence, layout_basic_swamp
Orc:1:    layout_diamond_mine, nicolae_volcano_entry_hallway, serial_shops,
          shop, elf_legates
Orc:2:    st_orc_rangers, layout_caves, uniq_erolcha, uniq_donald

Skill      XL: |  1  2  3  4  5  6  7  8  9 10 11 12 13 14 15 16 17 |
---------------+----------------------------------------------------+-----
Spellcasting   | 3 4 5 6 7 8 9 11 12 13 14 15 16 17 | 17.3
Fighting       | 1 3 4 5 6 8 9 10 12 13 14 15 | 15.5
Dodging        | 4 5 |  5.0
Armour         | 3 5 |  5.0
Evocations     | 2 5 |  5.0
Long Blades    | 2 4 5 6 |  6.2
Shields        | 3 6 8 |  8.3
Stealth        | |  1.5

Action                   |  1- 3 |  4- 6 |  7- 9 | 10-12 | 13-15 | 16-18 || total
-------------------------+-------+-------+-------+-------+-------+-------++-------
Melee: Mace              |     2 |    26 |    20 |    59 |     2 |       ||   109
       Punch             |       |     1 |       |     3 |       |       ||     4
       Scimitar          |       |       |       |       |    71 |    87 ||   158
 Cast: Sandblast         |    26 |    12 |     2 |    42 |    25 |       ||   107
       Stone Arrow       |       |    34 |    59 |   183 |   166 |   119 ||   561
       Poisonous Vapours |       |     6 |    30 |    41 |    23 |     8 ||   108
       Petrify           |       |     2 |    13 |    25 |    14 |     1 ||    55
       Summon Small Mamm |       |       |     1 |       |     1 |       ||     2
       Summon Guardian G |       |       |     2 |     1 |     1 |     1 ||     5
       Confusing Touch   |       |       |     1 |       |       |     2 ||     3
       Irradiate         |       |       |       |    16 |    28 |    17 ||    61
       Borgnjor's Vile C |       |       |       |       |   243 |    78 ||   321
       Conjure Ball Ligh |       |       |       |       |     3 |       ||     3
       Death Channel     |       |       |       |       |       |     1 ||     1
Invok: Curse Item        |       |       |     2 |     1 |     3 |     1 ||     7
       Shatter the Chain |       |       |       |       |     1 |       ||     1
Evoke: Wand              |       |       |       |     2 |     2 |       ||     4
  Use: Scroll            |       |     3 |     8 |     2 |     5 |     2 ||    20
       Potion            |       |       |       |     2 |     8 |     3 ||    13
 Stab: Sleeping          |       |     4 |       |       |       |       ||     4
       Petrified         |       |       |     4 |       |       |       ||     4
       Invisible         |       |       |       |       |     2 |     3 ||     5
       Confused          |       |       |       |       |       |     2 ||     2
Armor: Robe              |     1 |     6 |     7 |     3 |       |       ||    17
       Acid dragon scale |       |       |       |    36 |    23 |       ||    59
       Skin              |       |       |       |     1 |       |       ||     1
       Troll leather arm |       |       |       |       |    41 |    76 ||   117
Dodge: Dodged            |     6 |    22 |    14 |   145 |   237 |   126 ||   550
Block: Other             |       |     1 |     6 |    56 |     5 |       ||    68
       Reflection        |       |       |       |     9 |    57 |    10 ||    76
       Kite shield       |       |       |       |       |   192 |   175 ||   367

Table legend: (Time is in decaauts)
 A = Elapsed time spent in this place.
 B = Non-inter-level travel time spent in this place.
 C = Inter-level travel time spent in this place.
 D = Time resting spent in this place.
 E = Time spent auto-exploring this place.
 F = Levels seen in this place.
 G = Mean time per level.
                   A        B        C        D        E       F      G
               +--------+--------+--------+--------+--------+-----+--------+
         Total |  23709 |  23081 |    628 |   3999 |  13862 |  25 |  948.4 |
       Dungeon |  12821 |  12500 |    321 |   1800 |   8520 |  12 | 1068.4 |
        Temple |     14 |     14 |      0 |      0 |      0 |   1 |   14.0 |
          Lair |   4355 |   4184 |    171 |     60 |   3161 |   5 |  871.0 |
         Swamp |   2598 |   2577 |     21 |    323 |   1224 |   4 |  649.5 |
  Orcish Mines |   3505 |   3390 |    115 |   1640 |    957 |   2 | 1752.5 |
       Volcano |    413 |    413 |      0 |    176 |      0 |   1 |  413.0 |
               +--------+--------+--------+--------+--------+-----+--------+

Top non-repeatable levels by time:
    D:11: 2021 daAuts
   Orc:1: 1992 daAuts
     D:9: 1534 daAuts
   Orc:2: 1513 daAuts
     D:5: 1365 daAuts
    D:10: 1305 daAuts
    D:12: 1219 daAuts
  Lair:3: 1086 daAuts
     D:6: 942 daAuts
     D:3: 939 daAuts
  Lair:5: 913 daAuts
 Swamp:3: 875 daAuts
  Lair:4: 868 daAuts
     D:8: 866 daAuts
     D:7: 854 daAuts
